[Event "Yingmei CHN-chT 2018"]
[Site "Guangdong"]
[Date "2018.11.27"]
[Round "19"]
[White "Zhai, Mo"]
[Black "Khotenashvili, Bela"]
[Result "0-1"]
[ECO "D02"]
[WhiteElo "2363"]
[BlackElo "2352"]
[Annotator "RC"]
[PlyCount "80"]
[EventDate "2018.07.09"]
[EventType "team-tourn"]
[EventCountry "CHN"]
[SourceTitle "playchess.com"]
[Source "ChessBase"]
[SourceQuality "1"]
[TimeControl "5400+30"]

1. d4 Nf6 2. g3 c5 3. c3 e6 4. Bg2 d5 5. Nf3 Nc6 6. O-O Be7 7. Ne5 O-O 8. Nxc6 bxc6 9. Nd2 cxd4 10. cxd4 Qb6 11. Nb3 a5 12. Qc2 Nd7 13. Be3 Ba6 14. Rfe1 Bf6 15. Rab1 a4 16. Nc5 Nxc5 17. dxc5 Qb4 18. a3 Qc4 19. Qd2 Rfb8 20. Bf4 Rb3 21. Bd6 Qd4 22. Red1 Qxd2 23. Rxd2 Ra7 24. e4 Bc3 25. Rdd1 Bxb2 26. exd5 exd5 27. Re1 h5 28. Re8+ Kh7 29. Bh3 Bd3 30. Rd1 Bc2 31. Rd2 Bg6 32. Rc8 Bc3 33. Re2 Bd3 34. Re3 Rb1+ 35. Kg2 Bf1+ 36. Kf3 Bxh3 37. Rxc6 Rb3 38. Rb6 d4 39. Re5 g6 40. Re8 d3 0-1

[Event "Yingmei CHN-chT 2018"]
[Site "Guangdong"]
[Date "2018.11.28"]
[Round "20"]
[White "Girya, Olga"]
[Black "Wang, Jue"]
[Result "1/2-1/2"]
[ECO "D41"]
[WhiteElo "2318"]
[BlackElo "2351"]
[Annotator "RC"]
[PlyCount "85"]
[EventDate "2018.07.09"]
[EventType "team-tourn"]
[EventCountry "CHN"]
[SourceTitle "playchess.com"]
[Source "ChessBase"]
[SourceQuality "1"]
[TimeControl "5400+30"]

1. d4 Nf6 2. c4 e6 3. Nf3 d5 4. Nc3 c5 5. cxd5 Nxd5 6. e4 Nxc3 7. bxc3 cxd4 8. cxd4 Bb4+ 9. Bd2 Bxd2+ 10. Qxd2 O-O 11. Rc1 b6 12. Bd3 Ba6 13. Bxa6 Nxa6 14. O-O Qe7 15. Qe2 Qb7 16. Ne5 Rac8 17. Qb5 Nb8 18. d5 exd5 19. exd5 Qe7 20. Nc6 Nxc6 21. Rxc6 Rxc6 22. dxc6 Rc8 23. Rc1 Rc7 24. g3 h6 25. h4 Qd6 26. h5 Qf6 27. Qe2 Qe6 28. Qc2 Qd5 29. Qe2 Qe6 30. Qf3 b5 31. a3 a5 32. Rc5 b4 33. Rxa5 bxa3 34. Ra8+ Rc8 35. c7 a2 36. Qb7 Rxa8 37. Qxa8+ Kh7 38. Kg2 a1=Q 39. Qxa1 Qc6+ 40. Kh2 Qxc7 41. Qb1+ Kg8 42. Qe4 Qd7 43. Qa8+ 1/2-1/2

[Event "Yingmei CHN-chT 2018"]
[Site "Guangdong"]
[Date "2018.11.28"]
[Round "20"]
[White "Ding, Yixin"]
[Black "Zhai, Mo"]
[Result "1-0"]
[ECO "D00"]
[WhiteElo "2089"]
[BlackElo "2304"]
[Annotator "RC"]
[PlyCount "109"]
[EventDate "2018.07.09"]
[EventType "team-tourn"]
[EventCountry "CHN"]
[SourceTitle "playchess.com"]
[Source "ChessBase"]
[SourceQuality "1"]
[TimeControl "5400+30"]

1. Nf3 Nf6 2. d4 g6 3. Nc3 d5 4. Bf4 Bg7 5. e3 a6 6. Ne5 Bf5 7. g4 Be6 8. Bg2 Nc6 9. Bf3 Nxe5 10. Bxe5 h6 11. Qe2 Kf8 12. h4 Qd7 13. g5 hxg5 14. hxg5 Rxh1+ 15. Bxh1 Nh5 16. Bf3 Bxe5 17. dxe5 Kg7 18. O-O-O c6 19. Bxh5 gxh5 20. Qxh5 Rh8 21. Qe2 Rh2 22. Qf3 Qc8 23. Ne2 Bg4 24. Qf4 Rh3 25. Re1 Rf3 26. Qd4 c5 27. Qxd5 Rxf2 28. Nf4 Bf5 29. Nd3 Bxd3 30. Qxd3 Qf5 31. Qc3 b6 32. e6+ Kg6 33. exf7 Kxf7 34. Qc4+ Kg7 35. Rg1 Qf3 36. Qc3+ Kg8 37. Qc4+ Kg7 38. g6 Re2 39. Qc3+ Kg8 40. Qd3 Kg7 41. Kb1 Rg2 42. Rf1 Rf2 43. Rc1 Qg2 44. a4 Qxg6 45. e4 a5 46. Qc3+ Kf7 47. Re1 Rg2 48. e5 Kg8 49. e6 Rg3 50. Re3 Rg2 51. Ka2 Rxc2 52. Qc4 Kh7 53. Qd5 Kg7 54. Rh3 Qf6 55. Qe5 {[%emt 0:00:04] Kh6 [%clk 00:01:16] Qxf6+ [%clk 00:00:43] exf6 [%clk 00:01:44] Re3 [%clk 00:01:09]} 1-0

[Event "Yingmei CHN-chT 2018"]
[Site "Guangdong"]
[Date "2018.11.30"]
[Round "22"]
[White "Yu, Yangyi"]
[Black "Wen, Yang"]
[Result "1-0"]
[ECO "E02"]
[WhiteElo "2765"]
[BlackElo "2609"]
[Annotator "RC"]
[PlyCount "65"]
[EventDate "2018.07.09"]
[EventType "team-tourn"]
[EventCountry "CHN"]
[SourceTitle "playchess.com"]
[Source "ChessBase"]
[SourceQuality "1"]
[TimeControl "5400+30"]

1. d4 Nf6 2. c4 e6 3. g3 d5 4. Bg2 dxc4 5. Nf3 Bd7 6. O-O Bc6 7. Qc2 Nbd7 8. Qxc4 Bd5 9. Qd3 Be4 10. Qd2 c5 11. Nc3 Bc6 12. Rd1 Rc8 13. a3 a6 14. e4 Nxe4 15. Nxe4 Bxe4 16. Qe2 Bd5 17. dxc5 Bb3 18. Bg5 Qc7 19. c6 bxc6 20. Nd4 Bxd1 21. Rxd1 Ne5 22. Bf4 Bd6 23. Nxc6 f6 24. Qxa6 O-O 25. b4 Nxc6 26. Bxd6 Qd7 27. b5 Nb8 28. Qa5 Rfd8 29. Bf3 Qe8 30. b6 Rd7 31. b7 Rcd8 32. Qb6 Qg6 33. Kg2 1-0

[Event "Yingmei CHN-chT 2018"]
[Site "Guangdong"]
[Date "2018.11.30"]
[Round "22"]
[White "Li, Chao b"]
[Black "Bu, Xiangzhi"]
[Result "1/2-1/2"]
[ECO "A29"]
[WhiteElo "2715"]
[BlackElo "2712"]
[Annotator "RC"]
[PlyCount "65"]
[EventDate "2018.07.09"]
[EventType "team-tourn"]
[EventCountry "CHN"]
[SourceTitle "playchess.com"]
[Source "ChessBase"]
[SourceQuality "1"]
[TimeControl "5400+30"]

1. c4 Nf6 2. Nc3 e5 3. g3 Bb4 4. Bg2 O-O 5. Nf3 Re8 6. O-O e4 7. Nd4 Nc6 8. Nc2 Bxc3 9. bxc3 d5 10. cxd5 Qxd5 11. Ne3 Qh5 12. f3 exf3 13. exf3 Ne7 14. f4 Qxd1 15. Rxd1 Nf5 16. Rb1 Nxe3 17. dxe3 h5 18. Rd4 c5 19. Rd6 Ne4 20. Bxe4 Rxe4 21. Rd8+ Kh7 22. Rd5 g6 23. Rxc5 b6 24. Rc7 Be6 25. Rb4 Rxb4 26. cxb4 Bxa2 27. e4 a5 28. bxa5 bxa5 29. Be3 a4 30. Ra7 Rxa7 31. Bxa7 a3 32. Bc5 Bb1 33. Bxa3 1/2-1/2

[Event "Yingmei CHN-chT 2018"]
[Site "Guangdong"]
[Date "2018.11.30"]
[Round "22"]
[White "Huang, Qian"]
[Black "Wang, Jue"]
[Result "1/2-1/2"]
[ECO "A14"]
[WhiteElo "2183"]
[BlackElo "2351"]
[Annotator "NA RC"]
[PlyCount "64"]
[EventDate "2018.07.09"]
[EventType "team-tourn"]
[EventCountry "CHN"]
[SourceTitle "playchess.com"]
[Source "ChessBase"]
[SourceQuality "1"]
[TimeControl "5400+30"]

1. Nf3 Nf6 2. g3 d5 3. Bg2 e6 4. O-O Be7 5. c4 O-O 6. b3 c5 7. d4 Nc6 8. Bb2 dxc4 {[%emt 0:05:11] A14: English Opening: 1...e6 with b3 by White} 9. bxc4 cxd4 {[%emt 0:02:29] LiveBook: 4 Games} 10. Nxd4 Na5 (10... Bd7 11. Nxc6 Bxc6 12. Bxc6 bxc6 13. Qc2 Nd7 14. Rd1 Qc7 15. Nd2 Bf6 16. Ne4 Bxb2 17. Qxb2 {½-½ (36) Grachev,B (2657)-Golubov,S (2488) Khanty-Mansiysk 2017}) 11. Nd2 Bd7 12. Bc3 Nc6 $146 ({Predecessor:} 12... Rc8 13. Rc1 Nc6 14. N2f3 Qc7 15. Nb5 Qb8 16. Qb3 {½-½ (41) Steindorsson,S (2215)-Thorhallsson,T (2435) Reykjavik 2014}) 13. Nxc6 Bxc6 14. Bxc6 bxc6 15. Nb3 Qc8 16. Qc2 c5 17. Bxf6 Bxf6 18. Rab1 Qc7 19. Nc1 Rab8 20. Nd3 g6 21. Rxb8 Rxb8 22. Rb1 Rxb1+ 23. Qxb1 Qb6 24. Qc2 Qa5 25. Kg2 Qb6 26. e3 Qc6+ 27. f3 Kg7 28. Nf2 Be7 29. Qb2+ Bf6 30. Qc2 Be7 $11 31. Ne4 f5 32. Nf2 Bf6 1/2-1/2